Map: Apotheosis LE

Players

Tenonee

  • Race: Terran Terran
  • League: Platinum

PhyitR - Winner!

  • Race: Terran Terran
  • League: Diamond

VOD

Have the link to the VOD?

Description

Time

  • Played on: July 24, 2016, 2:55 a.m.
  • Length: 13:40
Show
View Real Time Build Order
Export as new Build Order

Tenonee Terran 

Build Orders: Reaper Expand 

Get SALT Encoding   

  12  0:01  SCV  
  13  0:13  SCV  
  14  0:17  Supply Depot  
  14  0:25  SCV  
  15  0:39  SCV  
  15  0:42  Barracks  
  16  0:46  Refinery  
  16  0:51  SCV  
  17  1:02  Supply Depot  
  17  1:03  SCV  
  18  1:15  SCV  
  19  1:29  Orbital Command  
  19  1:32  Reaper  
  20  1:55  Command Center  
  20  1:57  SCV  
  21  2:09  SCV  
  21  2:14  Barracks Reactor  
  22  2:21  SCV  
  23  2:26  Factory  
  23  2:33  SCV  
  24  2:42  Refinery  
  24  2:45  SCV  
  25  2:53  Marine x2  
  25  2:57  SCV  
  26  3:11  Orbital Command  
  25  3:19  Marine x2  
  27  3:20  SCV  
  28  3:28  Starport  
  28  3:29  Factory Tech Lab  
  28  3:32  SCV  
  29  3:39  SCV  
  30  3:42  Marine x2  
  30  3:45  SCV  
  30  3:46  Barracks  
  33  3:51  SCV  
  33  3:55  Siege Tank  
  37  3:57  SCV  
  37  4:00  Marine  
  39  4:03  SCV  
  39  4:07  Engineering Bay  
  39  4:14  SCV  
  39  4:15  SCV  
  41  4:21  Viking  
  43  4:33  SCV x2  
  43  4:37  Missile Turret  
  45  4:43  Missile Turret  
  46  4:45  SCV  
  46  4:48  SCV  
  40  5:07  SCV x2  
  40  5:11  Marine x2  
  44  5:15  Starport Reactor  
  44  5:19  Supply Depot, Terran Infantry Weapons Level 1, SCV  
  45  5:22  SCV  
  46  5:28  Siege Tank  
  46  5:29  Marine  
  46  5:31  SCV  
  46  5:35  SCV  
  51  5:36  Marine  
  51  5:37  Barracks Tech Lab  
  52  5:43  SCV  
  52  5:47  SCV  
  52  5:48  Marine  
  55  5:54  Marine  
  55  5:55  SCV  
  57  6:06  Marine  
  57  6:07  Marine  
  57  6:08  Siege Tank  
  62  6:13  Supply Depot  
  62  6:14  Viking, Marine, Medivac  
  62  6:15  Supply Depot  
  62  6:17  SCV x2, Refinery  
  69  6:18  Refinery  
  69  6:24  Marine  
  70  6:34  Marine x2  
  70  6:35  SCV x2  
  70  6:37  Supply Depot  
  74  6:41  Supply Depot, Marine  
  74  6:46  Command Center, Siege Tank  
  74  6:47  Medivac  
  80  6:52  Marine  
  81  6:54  Marine  
  81  6:59  Supply Depot, Marine  
  83  7:03  SCV x2  
  85  7:13  Terran Infantry Armor Level 1, Marine x2  
  85  7:15  SCV  
  88  7:17  Marine  
  88  7:18  Armory  
  88  7:20  Engineering Bay  
  89  7:31  Marine x2  
  87  7:41  Marine  
  88  7:48  Marine  
  88  7:49  Marine  
  90  7:52  Viking  
  90  7:53  Viking  
  94  7:59  Marine  
  94  8:01  Stimpack  
  94  8:03  Barracks x2  
  83  8:16  Marine x3  
  83  8:27  SCV x2  
  83  8:32  Orbital Command  
  83  8:33  Marine  
  84  8:36  Marine x2  
  84  8:37  Siege Tank  
  84  8:38  Viking, Medivac  
  84  8:39  SCV x2  
  93  8:48  Factory  
  93  8:51  Starport, Marine, SCV x2  
  93  8:54  Barracks Reactor, Marine x2  
  93  8:55  Barracks Reactor  
  98  8:58  Missile Turret  
  98  9:03  SCV x2  
  100  9:18  Marine x2  
  100  9:19  Marine  
  100  9:20  Viking, Siege Tank  
  100  9:21  Viking  
  110  9:27  SCV x2  
  112  9:34  Supply Depot  
  112  9:35  Command Center, Terran Infantry Weapons Level 2  
  112  9:36  Marine x2  
  114  9:43  Marine x5  
  119  9:50  Viking  
  118  9:58  Marine x2  
  99  10:01  Marine x4  
  99  10:02  Marine  
  104  10:08  Siege Tank  
  104  10:10  Factory Tech Lab  
  104  10:11  Starport Tech Lab  
  107  10:14  Terran Infantry Armor Level 2  
  107  10:16  Marine x2  
  107  10:18  Marine  
  107  10:19  Marine x3  
  113  10:22  SCV x2  
  113  10:26  Command Center  
  115  10:39  Marine x3  
  115  10:40  Marine x4  
  122  10:45  Supply Depot  
  122  10:47  Supply Depot  
  122  10:49  Refinery  
  122  10:50  Refinery  
  118  10:57  Marine x3  
  118  10:58  Marine x3  
  124  11:15  Marine  
  124  11:16  Marine x5, Marauder  
  124  11:33  Marine  
  124  11:34  Marine x2  
  107  11:51  Marine, Marauder  
  107  11:54  Marine  
  87  12:09  Marine  
  87  12:11  Marine  
  88  12:27  Marine  
  88  12:29  Marine  
  90  12:35  Siege Tank x2  
  90  12:36  Viking x2  
  100  12:43  Viking  
  102  12:47  SCV x2  
  104  12:56  Barracks x2  
  104  12:59  Barracks  
  104  13:00  Barracks  
  104  13:04  Barracks  
  104  13:06  Viking x2  
  104  13:07  Barracks, Siege Tank x2  
Show
View Real Time Build Order
Export as new Build Order

PhyitR Terran - Winner!

Build Orders: 1/1/1, MMM Bio, Banshee Rush 

Get SALT Encoding   

  12  0:00  SCV  
  13  0:13  SCV  
  14  0:17  Supply Depot  
  14  0:25  Refinery  
  14  0:29  SCV  
  15  0:41  SCV  
  16  0:47  Barracks  
  16  0:53  Refinery  
  16  0:58  SCV  
  17  1:10  SCV  
  18  1:22  SCV  
  19  1:34  Orbital Command  
  19  1:40  Factory  
  19  1:42  Reaper  
  20  1:51  Supply Depot  
  20  2:01  SCV  
  21  2:13  SCV  
  22  2:15  Reaper  
  23  2:24  Starport  
  23  2:25  Factory Tech Lab  
  23  2:27  SCV  
  24  2:39  SCV  
  24  2:41  Supply Depot  
  25  2:51  SCV  
  26  3:10  Marine  
  26  3:20  Banshee  
  26  3:24  Cloaking Field  
  26  3:27  Supply Depot  
  29  3:29  Command Center  
  29  3:33  Barracks Reactor  
  29  3:35  Hellion  
  31  3:42  Supply Depot  
  31  3:50  SCV  
  32  3:59  Factory Tech Lab  
  33  4:02  SCV  
  33  4:10  Marine x2  
  33  4:14  SCV  
  33  4:15  Banshee  
  39  4:22  Siege Tank  
  42  4:27  SCV  
  42  4:28  Marine  
  42  4:29  Supply Depot  
  42  4:30  Engineering Bay, Marine  
  45  4:39  SCV  
  45  4:40  Orbital Command  
  46  5:08  Siege Tank  
  46  5:13  Orbital Command  
  51  5:16  SCV  
  50  5:25  Starport Reactor  
  50  5:27  Barracks  
  47  6:02  Marine, Stimpack  
  48  6:09  Medivac x2  
  48  6:10  Siege Tank  
  55  6:16  Barracks  
  55  6:17  Terran Infantry Weapons Level 1  
  55  6:20  Marine  
  55  6:23  Barracks  
  55  6:24  Missile Turret  
  56  6:26  Barracks  
  56  6:28  SCV x2  
  58  6:33  Barracks  
  58  6:38  Marine  
  59  6:40  SCV x2  
  58  6:47  Medivac  
  58  6:52  SCV x2  
  58  6:53  Refinery  
  62  6:54  Missile Turret, Refinery  
  62  6:56  Marine  
  62  6:57  Medivac  
  62  6:58  Siege Tank  
  68  7:01  Marine x2  
  68  7:04  SCV  
  68  7:08  Supply Depot  
  71  7:11  Barracks Reactor x2  
  71  7:13  Supply Depot  
  71  7:14  Barracks Reactor, Marine  
  72  7:18  SCV  
  72  7:19  Marine x2  
  76  7:31  Marine  
  76  7:32  Barracks Reactor  
  76  7:36  SCV x2  
  76  7:37  Marine x2  
  78  7:38  Supply Depot x2  
  78  7:52  Viking x2  
  77  8:02  Combat Shields  
  64  8:18  Marine x6  
  64  8:19  Siege Tank  
  73  8:24  Marine x2  
  75  8:39  Marine x2  
  75  8:40  Marine  
  78  8:42  Marine x2  
  80  8:48  Marine x2  
  80  8:49  Marine x3  
  80  8:51  Marine, Siege Tank  
  89  8:57  Marine x2  
  89  9:01  Marine x2  
  89  9:02  Marine  
  94  9:06  Medivac  
  96  9:14  Marine x2  
  96  9:16  SCV  
  99  9:17  SCV  
  99  9:24  Supply Depot  
  100  9:30  Medivac, Marine  
  103  9:39  Marine x3  
  103  9:40  Marine x2  
  103  9:41  Marine  
  100  10:09  Marine x2  
  102  10:21  SCV x2  
  104  10:22  Marine x7  
  104  10:25  Command Center  
  111  10:29  Terran Infantry Armor Level 1  
  111  10:33  SCV x2  
  113  10:37  Armory  
  113  10:42  Missile Turret  
  113  10:46  Missile Turret  
  113  10:48  Missile Turret  
  111  11:02  Marine x5  
  111  11:03  Marine x2  
  118  11:08  Supply Depot  
  118  11:20  Marine x4  
  112  11:33  Marine x5  
  112  11:34  Marine, Medivac x2  
  112  11:36  Marine, Siege Tank  
  112  11:38  Marine  
  105  12:05  Marine x7  
  105  12:06  Marine x4  
  105  12:08  Siege Tank  
  119  12:09  Medivac x2  
  119  12:11  Orbital Command  
  119  12:23  Marine  
  116  12:42  Marine x4  
  116  12:43  Marine x2, Medivac x2  
  116  12:44  Marine x5  
  127  12:45  Siege Tank  
  134  13:00  Supply Depot  
  134  13:02  Supply Depot, Refinery  
  134  13:03  Supply Depot  
  134  13:04  Refinery  
Tags
 
Add a new tag
Caveats
  • Supply blocks, unpowered buildings, or Contaminate may cause inaccurate times.
  • Supply counts are checked every 10 seconds.